Map: Dusk Towers

Players

BuRny

  • Race: Terran Terran
  • League: Master

A.I. 1 (Very Easy) - Winner!

  • Race: Zerg Zerg

VOD

Have the link to the VOD?

Description

Time

  • Played on: Dec. 19, 2015, 3:02 p.m.
  • Length: 6:46
Show
View Real Time Build Order
Export as new Build Order

BuRny Terran 

Build Orders: 1/1/1 

Get SALT Encoding   

  12  0:00  SCV  
  13  0:13  SCV  
  14  0:18  Supply Depot  
  14  0:25  SCV  
  15  0:32  Refinery  
  15  0:41  Barracks  
  15  0:46  SCV  
  16  0:58  SCV  
  17  1:11  SCV  
  18  1:23  SCV  
  19  1:28  Marine  
  20  1:35  Factory, Orbital Command  
  20  1:56  Command Center  
  20  2:00  SCV  
  21  2:05  Barracks Reactor  
  21  2:13  SCV  
  22  2:19  Supply Depot  
  22  2:25  SCV  
  22  2:29  Starport  
  23  2:38  Factory Tech Lab  
  23  2:40  SCV  
  24  2:52  SCV  
  24  2:57  Command Center  
  25  3:05  SCV  
  28  3:11  Orbital Command  
  28  3:14  Banshee  
  28  3:16  Marine  
  28  3:18  Marine  
  31  3:20  SCV  
  32  3:32  SCV  
  33  3:36  Barracks  
  33  3:38  Factory Reactor  
  33  3:39  SCV  
  33  3:40  Barracks  
  34  3:44  SCV  
  35  3:52  SCV  
  36  3:55  Refinery  
  36  3:56  SCV, Refinery  
  37  4:04  SCV, Engineering Bay  
  37  4:06  Engineering Bay  
  37  4:09  SCV  
  39  4:12  Orbital Command  
  39  4:16  SCV  
  40  4:21  SCV  
  41  4:28  SCV  
  41  4:30  Starport Reactor  
  41  4:31  Factory Tech Lab  
  42  4:32  Stimpack  
  42  4:33  SCV  
  43  4:39  SCV  
  43  4:40  SCV  
  43  4:44  Barracks  
  43  4:45  SCV, Barracks  
  46  4:47  Terran Infantry Weapons Level 1, Refinery  
  46  4:51  SCV  
  46  4:52  SCV  
  48  4:58  SCV  
  49  5:00  Marine x3, Orbital Command  
  49  5:01  Marine  
  53  5:07  SCV  
  53  5:12  Supply Depot, Medivac  
  53  5:13  Supply Depot  
  56  5:15  Marine  
  56  5:16  SCV  
  56  5:19  SCV  
  59  5:25  SCV  
  60  5:28  SCV  
  60  5:30  Supply Depot  
  60  5:32  Barracks Reactor  
  60  5:33  Marine x2  
  60  5:34  SCV, Siege Tank, Barracks Reactor  
  60  5:35  Marine  
  67  5:37  SCV  
  67  5:40  SCV  
  70  5:43  Medivac  
  70  5:46  SCV  
  70  5:47  Supply Depot  
  70  5:49  SCV, Refinery  
  74  5:52  Marine  
  74  5:53  Marine  
  74  5:54  Medivac  
  79  5:58  SCV  
  79  6:02  SCV  
  81  6:05  Supply Depot, Marine x2  
  81  6:06  Marine  
  81  6:07  Supply Depot  
  81  6:10  SCV, Siege Tank, Marine  
  89  6:14  SCV x2  
  89  6:17  Marine x3  
  93  6:26  Supply Depot  
  93  6:27  SCV x2, Marine x2  
  93  6:28  SCV  
  93  6:32  Armory  
  109  6:44  Supply Depot  
  109  6:45  Supply Depot  
Show
View Real Time Build Order
Export as new Build Order

A.I. 1 (Very Easy) Zerg - Winner!

Build Orders: Hatch First 

Get SALT Encoding   

  12  0:01  Drone  
  13  0:12  Overlord  
  13  0:17  Drone  
  14  0:42  Hatchery  
  13  0:45  Drone  
  14  1:03  Spawning Pool  
  13  1:05  Extractor  
  13  1:06  Drone  
  13  1:13  Drone  
  14  1:19  Overlord  
  14  1:50  Zergling x2, Queen  
  14  1:52  Zergling x2  
  18  1:56  Roach Warren  
  17  2:01  Drone  
  17  2:08  Extractor  
  17  2:10  Drone  
  17  2:15  Zergling x2  
  19  2:20  Drone  
  20  2:27  Drone  
  21  2:34  Drone  
  22  2:41  Drone  
  23  2:49  Drone  
  24  2:52  Lair  
  24  2:56  Drone  
  25  3:24  Drone  
  26  3:31  Drone  
  27  3:38  Drone, Overlord  
  28  3:45  Drone  
  29  3:51  Spire  
  29  3:52  Drone  
  29  3:59  Drone  
  29  4:02  Overseer  
  30  4:06  Drone  
  31  4:11  Overseer  
  31  4:14  Drone  
  32  4:21  Drone  
  32  4:22  Overlord  
  33  4:28  Drone  
  34  4:35  Drone  
  35  4:41  Extractor  
  35  4:42  Drone  
  35  4:49  Drone, Extractor  
  35  4:56  Drone  
  36  5:03  Mutalisk  
  36  5:04  Drone  
  39  5:11  Drone  
  40  5:18  Drone  
  41  5:25  Drone  
  42  5:32  Drone  
  42  5:34  Overlord  
  43  5:39  Drone  
  43  5:40  Mutalisk  
  46  5:47  Drone  
  47  5:54  Drone  
  48  6:01  Drone  
Tags
 
Add a new tag
Caveats
  • Supply blocks, unpowered buildings, or Contaminate may cause inaccurate times.
  • Supply counts are checked every 10 seconds.